AoeStats
← J40 | Berto

Four Lakes

510238163Analyzed
1v1 RM · 1d ago on Sep 30, 2026· 40m 57s· 2 players
Game mode
Random Map
Map size
Tiny (2 player)
Population
200
Speed
Normal
Resources
Standard
Victory
Conquest
Starting age
Dark Age
Ending age
Imperial Age
RankedLock teamsTeams togetherTeam positionsShared explorationLock speedFull tech treeHidden civsTurbo modeCheats
Victory
Defeat
🇨🇱 Vikings · Chile
1620
+13
🇲🇽 Varangians · Mexico
1561
-13
J40 | Berto
6:55 Loom
9:16 Feudal Age
10:16 Double-Bit Axe
18:17 Castle Age
16:39 Fletching
18:56 Bodkin Arrow
18:25 Crossbowman
20:48 Bow Saw
20:20 Horse Collar
20:38 Town Watch
33:13 Squires
35:01 Scale Mail Armor
35:12 Forging
36:46 Chain Mail Armor
40:21 Imperial Age
40:31 Capped Ram
VL Guardian Azul
5:24 Loom
10:55 Feudal Age
11:18 Fishing Lines
16:27 Castle Age
15:28 Scale Barding Armor
17:42 Horse Collar
17:50 Double-Bit Axe
19:14 Chain Barding Armor
25:21 Medium Warships
25:32 Bow Saw
26:13 Devotion
28:13 Wheelbarrow
34:04 Imperial Age
34:45 Husbandry
34:57 Bloodlines
37:22 Forging
40:53 Fletching
41:03 Gillnets
Connection lost

Rejoining the realm…

Still unreachable

The connection could not be restored.

Session expired

The server has moved on; the page needs a fresh start.